 Dungeon Crawl Stone Soup version 0.31-a0-229-g1fc7ce93e2 (webtiles) character file.

Game seed: 13180949512357134690

84 qw the Shooter (level 4, -2/26 HPs)
             Began as a Gargoyle Hexslinger on July 6, 2023.
             Slain by a gnoll
             ... wielding a +0 spear
              (4 damage)
             ... on level 3 of the Dungeon.
             The game lasted 00:00:48 (2201 turns).

qw the Shooter (Gargoyle Hexslinger)                Turns: 2201, Time: 00:00:49

Health: -2/26      AC:  7    Str: 17    XL:     4   Next: 45%
Magic:  5/5        EV: 11    Int: 14    God:
Gold:   75         SH:  0    Dex: 14    Spells: 4/5 levels left

rFire   . . .        Y - +1 sling
rCold   . . .        (no shield)
rNeg    + . .        b - +0 leather armour
rPois   inf          c - +0 helmet
rElec   +            (no cloak)
rCorr   .            (no gloves)
SInv    .            (no boots)
Will    .....        (no amulet)
Stlth   +            g - +6 ring of strength
HPRegen 0.24/turn    (no ring)
MPRegen 0.09/turn

%: no passive effects
@: about to teleport
A: sickness immunity, AC +3, negative energy resistance 1, electricity
resistance, torment resistance 1, petrification resistance
a: no special abilities


You were on level 3 of the Dungeon.
You visited 1 branch of the dungeon, and saw 3 of its levels.

You collected 75 gold pieces.


Innate Abilities, Weirdness & Mutations

You are immune to sickness and miasma.
Your stone body is resilient. (AC +3)
You are immune to poison.
You resist negative energy. (rN+)
You are resistant to electric shocks. (rElec)
You are resistant to unholy torment.
You are immune to petrification.


   Skills:
 - Level 2.0 Fighting
 + Level 4.2 Ranged Weapons
 - Level 1.5 Dodging
 - Level 1.0 Spellcasting
 - Level 2.6 Hexes


You had 4 spell levels left.
You knew the following spells:

 Your Spells              Type           Power      Damage    Failure   Level
a - Slow                  Hex            32%        N/A       11%         1

Your spell library contained the following spells:

 Spells                   Type           Power      Damage    Failure   Level
 Inner Flame              Hex/Fire       4%         N/A       50%         3
 Portal Projectile        Hex/Tloc       8%         N/A       50%         3
 Cause Fear               Hex            4%         N/A       71%         4

Inventory:

Hand Weapons
 Y - a +1 sling (weapon)
Armour
 b - a +0 leather armour (worn)
 c - a +0 helmet (worn)
Jewellery
 g - a +6 ring of strength (left hand)
 l - a ring of wizardry
Scrolls
 f - a scroll of blinking {unknown}
 j - a scroll of identify {unknown}
Potions
 d - 3 potions of curing
 e - a potion of invisibility {unknown}
 h - a potion of haste {unknown}
 i - a potion of enlightenment {unknown}
 k - a potion of lignification {unknown}

Dungeon Overview and Level Annotations

Branches:
Dungeon (3/15)

Altars:

Shops:
D:3 (


Message History

The gnoll hits you from afar with a +0 spear!
A gnoll comes into view. It is wielding a +0 club.
The gnoll completely misses you.
You shoot a sling bullet. The gnoll shouts!
The sling bullet hits the gnoll.
The gnoll is heavily wounded.
The gnoll barely misses you.
You shoot a sling bullet.
The sling bullet closely misses the gnoll.
The sling bullet completely misses the gnoll.
The gnoll closely misses you.
You shoot a sling bullet. The sling bullet hits the gnoll.
The gnoll is severely wounded.
The gnoll hits you from afar with a +0 spear.
You shoot a sling bullet. The sling bullet hits the gnoll!
The gnoll is severely wounded.
The gnoll barely misses you. The gnoll closely misses you.
The gnoll misses you.
You shoot a sling bullet.
The sling bullet barely misses the gnoll.
The sling bullet hits the gnoll.
The gnoll is moderately wounded.
The gnoll closely misses you.
You shoot a sling bullet. The sling bullet hits the gnoll.
The gnoll is almost dead.
The gnoll misses you.
You shoot a sling bullet. The sling bullet hits the gnoll.
The gnoll is severely wounded.
The gnoll hits you from afar with a +0 spear.
You shoot a sling bullet.
The sling bullet closely misses the gnoll.
The gnoll barely misses you.
The gnoll hits you from afar with a +0 spear!
The gnoll barely misses you.
2201 ||| READING scroll of teleportation.
As you read the scroll of teleportation, it crumbles to dust.
You feel strangely unstable. The gnoll hits you with a +0 club.
The gnoll hits you from afar with a +0 spear.
You die...

######## #......#
#...gg.# #....g@#
..'...#'#..#
..### +\+.:#
#'#..#
.#.######.#######
...............>#
.#.###...........
#...........
#......)....


You could see 3 gnolls.

Vanquished Creatures
  Robin (D:2)
  2 adders
  3 dart slugs
  4 bats
  3 endoplasms
  3 giant cockroaches
  9 goblins
  4 hobgoblins
  2 jackals (D:3)
  A quokka (D:1)
  3 ball pythons
  4 frilled lizards
  2 kobolds (D:1)
  6 rats
47 creatures vanquished.

Notes
Turn   | Place    | Note
-------+----------+-------------------------------------------
     0 | D:1      | qw the Gargoyle Hexslinger began the quest for the Orb.
     0 | D:1      | Reached XP level 1. HP: 12/12 MP: 2/2
     0 | D:1      | 0 ||| qw: Version: 0.3-a-46-gb1f654a
     0 | D:1      | 0 ||| qw: Game counter: 1238
     0 | D:1      | 0 ||| qw: Melee chars always use a shield: true
     0 | D:1      | 0 ||| qw: God list: Okawaru
     0 | D:1      | 0 ||| qw: Allow faded altars: false
     0 | D:1      | 0 ||| qw: Do Orc after clearing Dungeon:15 true
     0 | D:1      | 0 ||| qw: Do second Lair branch before Depths: true
     0 | D:1      | 0 ||| qw: Lair rune preference: random
     0 | D:1      | 0 ||| qw: Goals: Normal
     0 | D:1      | 0 ||| PLANNING D:1-11
   205 | D:1      | HP: 3/12 [ball python (3)]
   554 | D:1      | Reached XP level 2. HP: 9/16 MP: 3/3
   669 | D:1      | Reached skill level 3 in Ranged Weapons
  1040 | D:1      | Reached XP level 3. HP: 21/21 MP: 4/4
  1119 | D:1      | 1119 ||| READING 2 scrolls labelled VODEUG EHECWY.
  1120 | D:1      | 1120 ||| READING scroll labelled FAOVYS NUELUIK.
  1124 | D:1      | 1124 ||| READING scroll labelled KOALEI RIFUAB.
  1125 | D:1      | 1125 ||| DRINKING 2 cyan potions.
  1126 | D:1      | 1126 ||| DROPPING scroll of noise.
  1127 | D:1      | 1127 ||| DROPPING scroll of poison.
  1230 | D:2      | Found a faded altar of an unknown god.
  1254 | D:2      | Noticed Robin
  1273 | D:2      | Killed Robin
  1274 | D:2      | 1274 ||| FLEEEEING.
  1275 | D:2      | 1275 ||| FLEEEEING.
  1276 | D:2      | 1276 ||| FLEEEEING.
  1277 | D:2      | 1277 ||| FLEEEEING.
  1278 | D:2      | 1278 ||| FLEEEEING.
  1279 | D:2      | 1279 ||| FLEEEEING.
  1280 | D:2      | 1280 ||| FLEEEEING.
  1281 | D:2      | 1281 ||| FLEEEEING.
  1282 | D:2      | 1282 ||| FLEEEEING.
  1283 | D:2      | 1283 ||| FLEEEEING.
  1284 | D:2      | 1284 ||| FLEEEEING.
  1285 | D:2      | 1285 ||| FLEEEEING.
  1286 | D:2      | 1286 ||| FLEEEEING.
  1287 | D:2      | 1287 ||| FLEEEEING.
  1288 | D:2      | 1288 ||| FLEEEEING.
  1289 | D:2      | 1289 ||| FLEEEEING.
  1290 | D:2      | 1290 ||| FLEEEEING.
  1291 | D:2      | 1291 ||| FLEEEEING.
  1292 | D:2      | 1292 ||| FLEEEEING.
  1293 | D:2      | 1293 ||| FLEEEEING.
  1294 | D:2      | 1294 ||| FLEEEEING.
  1295 | D:2      | 1295 ||| FLEEEEING.
  1296 | D:2      | 1296 ||| FLEEEEING.
  1297 | D:2      | 1297 ||| FLEEEEING.
  1298 | D:2      | 1298 ||| FLEEEEING.
  1299 | D:2      | 1299 ||| FLEEEEING.
  1300 | D:2      | 1300 ||| FLEEEEING.
  1301 | D:2      | 1301 ||| STAIRDANCE
  1318 | D:1      | 1318 ||| UPGRADING to +0 leather armour.
  1328 | D:1      | 1328 ||| DROPPING +0 robe.
  1565 | D:2      | Reached XP level 4. HP: 26/26 MP: 5/5
  1718 | D:2      | Reached skill level 4 in Ranged Weapons
  1859 | D:2      | 1859 ||| UPGRADING to +0 helmet.
  1864 | D:2      | 1864 ||| UPGRADING to +6 ring of strength.
  1865 | D:2      | 1865 ||| READING scroll labelled YLUGITW ZOIFOB.
  2181 | D:3      | Found Viedgh Batulu's Weapon Emporium.
  2184 | D:3      | 2184 ||| SHOPLISTING +0 orcbow of flaming (91 gold, have
                  | 75).
  2200 | D:3      | HP: 3/26 [gnoll/+0 spear (7)]
  2201 | D:3      | 2201 ||| READING scroll of teleportation.
  2201 | D:3      | Slain by a gnoll

Levels and vault maps discovered:
D:1:      amcnicky_arrival_abandoned_market, layout_basic, lemuel_flame_loot_1
D:2:      layout_loops_ring, hellmonk_ecumenical_altar_heavens_door, uniq_robin
D:3:      layout_basic, serial_shops, nicolae_shop_behind_doors

Skill      XL: |  1  2  3  4 |
---------------+-------------+-----
Ranged Weapons | 3 4 |  4.2
Fighting       | 2 |  2.0
Dodging        | |  1.5
Spellcasting   | |  1.0
Hexes          | |  2.6

Action                     |  1- 3 |  4- 6 || total
---------------------------+-------+-------++-------
   Fire: Sling             |   131 |    47 ||   178
    Use: Scroll            |     3 |     2 ||     5
         Potion            |     1 |       ||     1
 Armour: Robe              |    19 |       ||    19
         Leather armour    |     2 |     4 ||     6
  Dodge: Dodged            |    53 |    27 ||    80

Table legend:
 A = Non-vault XP
 B = Vault XP
 C = Vault XP percentage of total XP
 D = Non-vault monster count
 E = Vault monster count
 F = Vault count percentage of total count
                 A         B        C        D         E       F
            +---------+---------+-------+---------+---------+-------
      Total |      94 |      26 |  21.7 |      40 |       7 |  14.9
            +---------+---------+-------+---------+---------+-------
        D:1 |      36 |       0 |   0.0 |      20 |       0 |   0.0
        D:2 |      31 |      26 |  45.6 |      12 |       7 |  36.8
        D:3 |      27 |       0 |   0.0 |       8 |       0 |   0.0
            +---------+---------+-------+---------+---------+-------
